 Dungeon Crawl Stone Soup version bcrawl-1.36 (webtiles) character file.

Game seed: 9786275858810085476

109589 Newguy the Sneak (level 4, 0/31 HPs)
             Began as a Vampire Enchanter on May 27, 2022.
             Succumbed to an adder's poison
             ... on level 3 of the Dungeon.
             The game lasted 00:07:32 (2368 turns).

Newguy the Sneak (Vampire Enchanter)                Turns: 2368, Time: 00:07:33

Health: 0/31       AC:  2    Str: 11    XL:     4   Next: 24%
Magic:  2/7        EV: 12    Int: 20    God:
Gold:   102        SH:  0    Dex: 13    Spells: 2/8 levels left

rFire    . . .     SeeInvis +   a - +1 dagger
rCold    . . .     Gourm    .   (no shield)
rNeg     . . .     Faith    .   b - +0 robe
rPois    .         Spirit   .   (no helmet)
rElec    .         Reflect  .   (no cloak)
rCorr    .                      (no gloves)
MR       .....                  (no boots)
Stlth    +++.......             (no amulet)
HPRegen  0.30/turn              l - +4 ring of intelligence
MPRegen  0.10/turn              (no ring)

@: lethally poisoned (0 -> -3), regenerating quickly
A: claws 1, fangs 3, see invisible, unbreathing
a: Bat Form


You were on level 3 of the Dungeon.
You were almost alive.

You visited 1 branch of the dungeon, and saw 3 of its levels.

You collected 102 gold pieces.

Inventory:

Hand Weapons
 a - a +1 dagger (weapon)
Armour
 b - a +0 robe (worn)
Jewellery
 l - a +4 ring of intelligence (left claw)
Scrolls
 d - a scroll of fog
 f - 4 scrolls of teleportation {unknown}
 h - a scroll of magic mapping {unknown}
 i - 5 scrolls of identify
 j - a scroll of enchant armour {unknown}
 k - a scroll of fear {unknown}
 o - a scroll of amnesia {unknown}
Potions
 c - a potion of degeneration {unknown}
 e - a potion of invisibility
 g - a potion of mutation {unknown}
 m - a potion of haste {unknown}
 n - a potion of berserk rage {unknown}
 p - a potion of agility {unknown}
 q - 6 potions of blood


   Skills:
 + Level 0.6 Fighting
 + Level 1.8 Short Blades
 + Level 2.4 Dodging
 + Level 6.1 Stealth
 + Level 2.6 Spellcasting
 + Level 4.9 Hexes
 + Level 0.9 Ice Magic


You had 2 spell levels left.
You knew the following spells:

 Your Spells              Type           Power        Failure   Level  Hunger
a - Corona                Hex            ###....      1%          1    None
b - Ensorcelled Hibernat  Hex/Ice        ##....       7%          2    ##.....
c - Confuse               Hex            ###.....     6%          3    ####...

Your spell library contained the following spells:

 Spells                   Type           Power        Failure   Level  Hunger
 Tukima's Dance           Hex            ###.....     6%          3    ####...
 Dazzling Orbs            Conj/Hex       ##.....      16%         3    ####...
 Cause Fear               Hex            ###.......   21%         4    #####..


Dungeon Overview and Level Annotations

Branches:
Dungeon (3/12)

Altars:


Innate Abilities, Weirdness & Mutations

Your natural rate of healing is unusually fast.
You have sharp fingernails.
You have razor-sharp teeth.
You have supernaturally acute eyesight. (SInv)
You can survive without breathing.


Message History

You feel sick.
Yummy - fresh blood!
* * * LOW HITPOINT WARNING * * *
You feel sick.
Yummy - fresh blood!
* * * LOW HITPOINT WARNING * * *
You feel sick.
Yummy - fresh blood!
* * * LOW HITPOINT WARNING * * *
You feel sick.
Yummy - fresh blood!
* * * LOW HITPOINT WARNING * * *
You feel sick.
Yummy - fresh blood!
* * * LOW HITPOINT WARNING * * *
You feel sick.
Yummy - fresh blood!
Okay, then.
Yummy - fresh blood!
You die...

#...... #...... #......
#### #...... #...
#.[.... #... #......
#...
#!.....##############...
#.............'.).
#@#############...
#....# #... #....# #...
#....# ###. ......# #.
......# . #......# .
#.....%# #......#


There were no monsters in sight!

Vanquished Creatures
  An adder (D:3)
  An ooze (D:1)
  2 worms (D:2)
  3 leopard geckos
  2 orcs (D:3)
  10 bats
  4 goblins
  10 hobgoblins
  5 jackals (D:2)
  8 kobolds
  2 quokkas (D:2)
  A frilled lizard (D:2)
  3 rats (D:1)
52 creatures vanquished.

Notes
Turn   | Place    | Note
-------+----------+-------------------------------------------
     0 | D:1      | Newguy the Vampire Enchanter began the quest for the Orb.
     0 | D:1      | Reached XP level 1. HP: 13/13 MP: 3/3
    24 | D:1      | Reached skill level 5 in Stealth
   122 | D:1      | Reached XP level 2. HP: 12/19 MP: 1/5
   565 | D:1      | Learned a level 2 spell: Ensorcelled Hibernation
   870 | D:1      | Reached XP level 3. HP: 24/24 MP: 6/6
  1801 | D:2      | Reached skill level 6 in Stealth
  1837 | D:2      | Reached XP level 4. HP: 29/31 MP: 7/7
  1841 | D:2      | Learned a level 3 spell: Confuse
  2366 | D:3      | HP: 1/31 [poisoned by an adder]
  2368 | D:3      | Succumbed to an adder's poison

Skill      XL: |  1  2  3 |
---------------+----------+-----
Stealth        | 5 6 |  6.1
Fighting       | |  0.6
Short Blades   | |  1.8
Dodging        | |  2.4
Spellcasting   | |  2.6
Hexes          | |  4.9
Ice Magic      | |  0.9

Action                   |  1- 3 |  4- 6 || total
-------------------------+-------+-------++-------
Melee: Dagger            |   115 |    20 ||   135
       Bite              |     9 |       ||     9
 Cast: Corona            |    10 |     1 ||    11
       Ensorcelled Hiber |    25 |     4 ||    29
  Use: Potion            |    10 |     8 ||    18
 Stab: Sleeping          |    28 |     4 ||    32
Armor: Robe              |    23 |     2 ||    25
Dodge: Dodged            |    77 |     9 ||    86
